 Dungeon Crawl Stone Soup version 0.32-a0-141-g04fe697 (webtiles) character file.

Game seed: 12799015862472795799

20828 Dorkslayer the Mimic (level 12, -2/107 HPs)
             Began as a Troll Shapeshifter on Feb 11, 2024.
             Was a Believer of Okawaru.
             Shot with a bolt by a kobold blastminer (18 damage)
             ... on level 1 of the Orcish Mines.
             The game lasted 00:20:22 (7012 turns).

Dorkslayer the Mimic (Troll Shapeshifter)           Turns: 7012, Time: 00:20:23

Health: -2/107     AC:  2    Str: 27    XL:     12   Next: 48%
Magic:  14/14      EV: 11    Int:  6    God:    Okawaru [**....]
Gold:   414        SH:  0    Dex: 11    Spells: 11/11 levels left

rFire   . .          .
                       - Unarmed
rCold   . . .        (no shield)
rNeg    + . .        s - melded +1 robe {Will+}
rPois   .            (helmet restricted)
rElec   .            (no cloak)
rCorr   +            (gloves unavailable)
SInv    .            (boots unavailable)
Will    .....        j - amulet "Efinih" {RegenMP rCorr}
Stlth   ++           w - ring of positive energy
HPRegen 1.17/turn    (no ring)
MPRegen 0.54/turn

%: no passive effects
@: maw-form
A: devouring maw, large, unfitting armour, claws 3, regeneration 1, shaggy fur
1, tough skin 1
a: Begin Untransformation, Renounce Religion, Heroism


You were on level 1 of the Orcish Mines.
You worshipped Okawaru.
Okawaru was pleased with you.
You were a creature with a mouth for a stomach.
You visited 3 branches of the dungeon, and saw 11 of its levels.
You also visited: Ossuary.

You collected 814 gold pieces.
You spent 400 gold pieces at shops.

Inventory:

Hand Weapons
 l - a +1 war axe
 u - a +4 morningstar
Missiles
 d - a curare-tipped dart (quivered)
 i - 2 javelins
 n - 7 boomerangs
Armour
 s - a +1 robe of willpower (melded)
Jewellery
 j - the amulet "Efinih" (around neck) {RegenMP rCorr}
   (You found it on level 2 of the Dungeon)

   [amulet of magic regeneration]

   RegenMP:   It increases your rate of magic regeneration.
   rCorr:     It protects you from acid and corrosion.
 w - a ring of positive energy (left claw)
Talismans
 o - a maw talisman (active)
Wands
 m - a wand of iceblast (15)
 p - a wand of polymorph (2)
 v - a wand of flame (6)
 C - a wand of digging (6)
Scrolls
 b - a scroll of fog
 c - a scroll of immolation
 e - 3 scrolls of blinking
 x - 2 scrolls of revelation
 y - a scroll of poison
Potions
 a - 2 potions of magic
 f - a potion of might
 g - a potion of heal wounds
 h - 2 potions of mutation
 k - a potion of brilliance
 q - a potion of haste
 r - 2 potions of enlightenment {unknown}
 A - 3 potions of curing
Miscellaneous
 t - a tin of tremorstones (2/2)


   Skills:
 + Level 4.2 Fighting
 + Level 2.8 Throwing
 + Level 6.0 Dodging
 + Level 3.0 Stealth
 + Level 10.8 Unarmed Combat
 * Level 4.2 Invocations
 * Level 4.6 Evocations
 + Level 11.2 Shapeshifting


You had 11 spell levels left.
You didn't know any spells.
Your spell library contained the following spells:

 Spells                   Type           Power      Damage    Failure   Level
 Apportation              Tloc           0%         N/A       45%         1
 Ensorcelled Hibernation  Hex/Ice        0%         N/A       58%         2
 Jinxbite                 Hex            0%         N/A       58%         2
 Fugue of the Fallen      Necr           0%         N/A       83%         3
 Inner Flame              Hex/Fire       0%         N/A       83%         3
 Ozocubu's Armour         Ice            0%         N/A       83%         3
 Anguish                  Hex/Necr       0%         N/A       99%         4
 Sticky Flame             Fire/Alch      0%         2d4       99%         4
 Alistair's Intoxication  Alch           0%         N/A       100%        5


Dungeon Overview and Level Annotations

Branches:
Dungeon (9/15)             Temple (1/1) D:7            Lair (0/5) D:9
    Orc (1/2) D:9         Ossuary (visited)

Altars:
Ashenzari
Cheibriados
Dithmenos
Elyvilon
Fedhas
Gozag
Hepliaklqana
Kikubaaqudgha
Makhleb
Nemelex Xobeh
Okawaru
Qazlal
Ru
Sif Muna
Trog
Uskayaw
Vehumet
Wu Jian
Xom
Yredelemnul
Zin
The Shining One

Shops:
D:5 [   D:6 *   D:8 (


Innate Abilities, Weirdness & Mutations

You are a creature with a mouth for a stomach.
Your midsection houses a second, enormous mouth.
You are too large for most types of armour.
You have claws for hands.
Your natural rate of healing is unusually fast.
You are covered in fur. (AC +1)
You have tough skin. (AC +1)


Message History

Items here: ))) [[[ †.
You completely miss the orc. Your bite misses the orc.
The kobold blastminer wields a +0 arbalest.
The kobold blastminer shoots a bolt.
The bolt hits you! The orc hits you but does no damage.
You mangle the orc!!
You devour the orc!
You feel better.
You kill the orc!
Okawaru accepts your kill.
The kobold blastminer shoots a bolt.
The bolt hits you!
You start resting.
A kobold blastminer is nearby!
The kobold blastminer blasts its cannon at you.
The iron shot hits you!!
The kobold blastminer is knocked back by the blast.
The kobold blastminer unwields a +0 arbalest.
The kobold blastminer hits you.
You barely miss the kobold blastminer. Your bite misses the kobold blastminer.
The kobold blastminer barely misses you.
A kobold blastminer comes into view.
You mangle the kobold blastminer!!
The kobold blastminer is heavily wounded.
The kobold blastminer hits you!
The kobold blastminer wields a +0 arbalest.
The kobold blastminer shoots a bolt.
The bolt barely misses you.
You miss the kobold blastminer. Your claw misses the kobold blastminer.
You bite the kobold blastminer!
The kobold blastminer is almost dead.
You scratch the kobold blastminer. You bite the kobold blastminer.
You kill the kobold blastminer!
Okawaru accepts your kill.
The kobold blastminer shoots a bolt.
The bolt hits you!!
* * * LOW HITPOINT WARNING * * *
The kobold blastminer shoots a bolt.
The bolt hits you!
* * * LOW HITPOINT WARNING * * *
Things that are here:
a +0 arbalest; a kobold corpse The kobold blastminer bats away at the thin smoke enveloping its cannon.
The kobold blastminer shoots a bolt.
The bolt closely misses you.
The kobold blastminer shoots a bolt.
The bolt hits you!!
You die...

..#......##
..........###
......K.#..#.##
..............#
.............##
............)#
.............##
#............#
#.....#.###W##
#...))###...#
#.....# ##...#
##..... ##.##
#....## ##
#...## #..# #.#
##


You could see a kobold blastminer.

Vanquished Creatures
  Erica (D:8)
  Pikel (D:4)
  A kobold blastminer (Orc:1)
  A komodo dragon (D:9)
  An efreet (D:8)
  A troll (Orc:1)
  Prince Ribbit (D:8)
  Sigmund (D:4)
  Eustachio (D:4)
  A wyvern (D:8)
  A basilisk (D:9)
  Edmund (D:4)
  5 water moccasins
  3 sky beasts
  2 black bears
  2 ogres (D:5)
  4 orc warriors
  A centaur (D:5)
  An elf zombie (Ossuary)
  A phantom (D:5)
  2 kobold brigands (D:8)
  2 bullfrogs
  2 scorpions
  2 burial acolytes (Ossuary)
  5 wights (D:6)
  3 howler monkeys (D:8)
  3 jellies
  A bombardier beetle (D:5)
  2 human zombies (Ossuary)
  8 orc priests
  4 gnoll boudas
  4 hounds
  2 sleepcaps
  4 iguanas
  11 orc wizards
  Robin (D:4)
  2 mummies (Ossuary)
  2 howler monkey zombies (Ossuary)
  17 gnolls
  5 adders
  4 ufetubi
  2 ribbon worms
  2 dart slugs
  38 orcs
  8 ball pythons
  6 bats
  5 endoplasms
  14 goblins
  13 hobgoblins
  7 jackals
  12 kobolds
  4 quokkas
  3 frilled lizards
  2 rats (D:1)
233 creatures vanquished.

Notes
Turn   | Place    | Note
-------+----------+-------------------------------------------
     0 | D:1      | Dorkslayer the Troll Shapeshifter began the quest for the
                  | Orb.
     0 | D:1      | Reached XP level 1. HP: 18/18 MP: 0/0
   138 | D:1      | Reached XP level 2. HP: 26/26 MP: 1/1
   388 | D:1      | Got the Parchment of the Chilled Burn
   755 | D:2      | Reached XP level 3. HP: 32/32 MP: 2/2
   830 | D:2      | Reached skill level 1 in Fighting
   831 | D:2      | Identified the amulet "Efinih" {RegenMP rCorr}
  1278 | D:3      | Reached XP level 4. HP: 38/41 MP: 3/3
  1524 | D:3      | Found an opulent altar of Gozag.
  1556 | D:3      | Found a glowing silver altar of Zin.
  2002 | D:3      | Found a bloodstained altar of Trog.
  2286 | D:4      | Noticed Eustachio
  2287 | D:4      | Noticed a scorpion
  2297 | D:4      | Killed Eustachio
  2298 | D:4      | Reached skill level 5 in Unarmed Combat
  2298 | D:4      | Reached skill level 4 in Shapeshifting
  2298 | D:4      | Reached XP level 5. HP: 40/48 MP: 4/4
  2298 | D:4      | Reached XP level 6. HP: 46/55 MP: 5/5
  2429 | D:4      | Noticed Sigmund
  2440 | D:4      | Killed Sigmund
  2441 | D:4      | Reached skill level 1 in Stealth
  2441 | D:4      | Reached XP level 7. HP: 62/62 MP: 6/6
  2456 | D:4      | Noticed Edmund
  2467 | D:4      | Killed Edmund
  2549 | D:4      | Reached XP level 8. HP: 16/72 MP: 7/7
  2616 | D:4      | Found a sand-covered staircase.
  2628 | Ossuary  | Entered an ossuary
  2628 | Ossuary  | Found a huge runed translucent gate.
  2628 | Ossuary  | Found a huge runed translucent gate.
  2628 | Ossuary  | Found a huge runed translucent gate.
  2628 | Ossuary  | Found a huge runed translucent gate.
  2628 | Ossuary  | Found a huge runed translucent gate.
  2628 | Ossuary  | Found a huge runed translucent gate.
  2628 | Ossuary  | Found a huge runed translucent gate.
  2628 | Ossuary  | Found a huge runed translucent gate.
  2628 | Ossuary  | Found a huge runed translucent gate.
  2629 | Ossuary  | Found a huge runed translucent gate.
  2629 | Ossuary  | Found a huge runed translucent gate.
  2630 | Ossuary  | Found a huge runed translucent gate.
  2630 | Ossuary  | Found a huge runed translucent gate.
  2632 | Ossuary  | Found a huge runed translucent gate.
  2632 | Ossuary  | Found a huge runed translucent gate.
  2643 | Ossuary  | Found a huge runed translucent gate.
  2643 | Ossuary  | Found a huge runed translucent gate.
  2643 | Ossuary  | Found a huge runed translucent gate.
  2643 | Ossuary  | Found a huge runed translucent gate.
  2643 | Ossuary  | Found a huge runed translucent gate.
  2646 | Ossuary  | Found a huge runed translucent gate.
  2647 | Ossuary  | Found a huge runed translucent gate.
  2648 | Ossuary  | Found a huge runed translucent gate.
  2648 | Ossuary  | Found a huge runed translucent gate.
  2649 | Ossuary  | Found a huge runed translucent gate.
  2649 | Ossuary  | Found a huge runed translucent gate.
  2650 | Ossuary  | Found a huge runed translucent gate.
  2650 | Ossuary  | Found a huge runed translucent gate.
  2656 | Ossuary  | Found a huge runed translucent gate.
  2667 | Ossuary  | Found a huge runed translucent gate.
  2668 | Ossuary  | Found a huge runed translucent gate.
  2668 | Ossuary  | Found a huge runed translucent gate.
  2668 | Ossuary  | Found a huge runed translucent gate.
  2668 | Ossuary  | Found a huge runed translucent gate.
  2668 | Ossuary  | Found a huge runed translucent gate.
  2949 | D:4      | Noticed Robin
  2958 | D:4      | Killed Robin
  3030 | D:4      | Noticed Pikel
  3037 | D:4      | Killed Pikel
  3038 | D:4      | Reached skill level 5 in Shapeshifting
  3319 | D:5      | Entered Level 5 of the Dungeon
  3332 | D:5      | Reached XP level 9. HP: 80/80 MP: 8/8
  3460 | D:5      | Found a stormy altar of Qazlal.
  3593 | D:5      | Reached skill level 1 in Evocations
  3807 | D:5      | Found Liod's Armour Shop.
  3953 | D:6      | Found Baoqush's Elemental Accessories.
  3965 | D:6      | Bought a tin of tremorstones (2/2) for 400 gold pieces
  4040 | D:6      | Found an ancient bone altar of Kikubaaqudgha.
  4086 | D:6      | Found a blossoming altar of Fedhas.
  4288 | D:6      | Reached skill level 1 in Throwing
  4288 | D:6      | Reached skill level 5 in Dodging
  4343 | D:6      | Reached skill level 6 in Shapeshifting
  4429 | D:6      | Reached skill level 10 in Unarmed Combat
  4481 | D:6      | Found a snail-covered altar of Cheibriados.
  4893 | D:7      | Found a radiant altar of Vehumet.
  5211 | D:7      | Found a staircase to the Ecumenical Temple.
  5220 | Temple   | Entered the Ecumenical Temple
  5234 | Temple   | Became a worshipper of Warmaster Okawaru
  5443 | D:8      | Reached XP level 10. HP: 87/91 MP: 9/9
  5468 | D:8      | Found Fidgh's Weapon Shoppe.
  5514 | D:8      | Noticed Prince Ribbit
  5525 | D:8      | Killed Prince Ribbit
  5571 | D:8      | Noticed Erica
  5582 | D:8      | Killed Erica
  5582 | D:8      | Reached * piety under Okawaru
  5583 | D:8      | Reached skill level 1 in Invocations
  5627 | D:8      | Reached skill level 11 in Shapeshifting
  5627 | D:8      | Reached XP level 11. HP: 97/97 MP: 10/10
  6196 | D:8      | Found a hazy altar of Hepliaklqana.
  6260 | D:9      | Found a staircase to the Orcish Mines.
  6416 | D:9      | Found a shimmering altar of Xom.
  6685 | D:9      | Reached XP level 12. HP: 107/107 MP: 11/14
  6695 | D:9      | Found a staircase to the Lair.
  6841 | Orc:1    | Entered Level 1 of the Orcish Mines
  7008 | Orc:1    | Reached ** piety under Okawaru
  7012 | Orc:1    | Shot with a bolt by a kobold blastminer

Illustrated notes

Levels and vault maps discovered:
D:1:      dpeg_arrival_boxes_within_box, layout_loops_ring, minmay_3d_cube
D:2:      layout_basic
D:3:      layout_basic, lemuel_coloured_pillars_altar,
          pdpol_temple_overflow_zin_treasury_gozag_greed
D:4:      layout_basic, nicolae_ossuary_entry_ruins, uniq_eustachio,
          uniq_edmund, uniq_pikel, uniq_sigmund, uniq_robin
D:5:      layout_rooms, nicolae_qazlal_general_emergency, serial_bayou,
          serial_bayou_ford_a, serial_bayou_lagoon_b, serial_bayou_lagoon_a,
          serial_bayou_pond_c, serial_shops, shop
D:6:      layout_loops_ring, fedhas_altar_3, cheibrodos_worm_habitat,
          kiku_gazebo_pond_becter, minmay_misc_feat_room, nicolae_elemental_shop
D:7:      layout_rooms, mainiacjoe_overflow_tiny_flanked,
          minmay_temple_entry_poolview
D:8:      layout_loops_ring, worldfamousw_hep_ancestral_shrine, serial_shops,
          shop, small_chamber_with_monster, uniq_prince_ribbit1, uniq_erica
D:9:      layout_rooms, mainiacjoe_overflow_24_doors, david_lair_shrubbed,
          minmay_orc_entry_temple_small
Temple:   nicolae_temple_bog_church
Orc:1:    layout_caves, nicolae_orc_damp_corner

Skill      XL: |  1  2  3  4  5  6  7  8  9 10 11 |
---------------+----------------------------------+-----
Fighting       | 1 2 3 4 |  4.2
Dodging        | 2 3 4 5 6 |  6.0
Unarmed Combat | 5 6 7 8 10 | 10.8
Shapeshifting  | 4 5 6 11 | 11.2
Stealth        | 1 2 3 |  3.0
Evocations     | 2 4 |  4.6
Throwing       | 1 2 |  2.8
Invocations    | 1 4 |  4.2

Action                     |  1- 3 |  4- 6 |  7- 9 | 10-12 || total
---------------------------+-------+-------+-------+-------++-------
  Melee: Unarmed           |   105 |    66 |   320 |   123 ||   614
         Punch             |     4 |     3 |    12 |     7 ||    26
         Maw               |       |       |       |    25 ||    25
  Throw: Javelin           |       |     4 |     4 |     2 ||    10
         Throwing net      |       |       |       |     1 ||     1
         Boomerang         |       |       |       |     1 ||     1
  Evoke: Wand              |       |     1 |       |       ||     1
    Use: Scroll            |     5 |     2 |    10 |     4 ||    21
         Potion            |       |     3 |       |     5 ||     8
   Stab: Sleeping          |     1 |       |     2 |     2 ||     5
         Held in net/web   |       |       |       |     1 ||     1
 Armour: Animal skin       |    59 |    37 |    68 |       ||   164
         Robe              |       |       |   146 |     8 ||   154
         Skin              |       |       |       |    94 ||    94
  Dodge: Dodged            |    43 |    23 |   164 |    46 ||   276
   Form: Maw               |       |       |       |     1 ||     1

Table legend: (Time is in decaauts)
 A = Elapsed time spent in this place.
 B = Non-inter-level travel time spent in this place.
 C = Inter-level travel time spent in this place.
 D = Time resting spent in this place.
 E = Time spent auto-exploring this place.
 F = Levels seen in this place.
 G = Mean time per level.
                   A        B        C        D        E       F      G
               +--------+--------+--------+--------+--------+-----+--------+
         Total |   6915 |   6915 |      0 |     87 |   4096 |  12 |  576.2 |
       Dungeon |   6518 |   6518 |      0 |      0 |   4028 |   9 |  724.2 |
        Temple |     24 |     24 |      0 |      0 |      0 |   1 |   24.0 |
  Orcish Mines |    166 |    166 |      0 |     87 |      0 |   1 |  166.0 |
       Ossuary |    206 |    206 |      0 |      0 |     68 |   1 |  206.0 |
               +--------+--------+--------+--------+--------+-----+--------+

Top non-repeatable levels by time:
     D:3: 1098 daAuts
     D:6: 897 daAuts
     D:8: 824 daAuts
     D:4: 818 daAuts
     D:1: 747 daAuts
     D:5: 626 daAuts
     D:9: 571 daAuts
     D:7: 515 daAuts
     D:2: 419 daAuts
 Ossuary: 206 daAuts
   Orc:1: 166 daAuts
  Temple: 24 daAuts
